 Dungeon Crawl Stone Soup version 0.21.0-26-g889b8f6 (webtiles) character file.

179 Amaterasu the Ruffian (level 5, 0/41 HPs)
             Began as a Draconian Transmuter on Jan 27, 2018.
             Was an Initiate of Fedhas.
             Slain by an ogre
             ... wielding a +0 giant club
              (12 damage)
             ... on level 4 of the Dungeon.
             The game lasted 00:06:27 (3033 turns).

Amaterasu the Ruffian (Draconian Transmuter)        Turns: 3033, Time: 00:06:28

Health: 0/41       AC:  5    Str: 13    XL:     5   Next: 32%
Magic:  7/8        EV: 12    Int: 13    God:    Fedhas [......]
Gold:   184        SH:  0    Dex: 12    Spells: 7/8 levels left

rFire    . . .     SeeInvis +     - Unarmed
rCold    . . .     Gourm    .   (no shield)
rNeg     . . .     Faith    .   (armour unavailable)
rPois    .         Spirit   .   (helmet restricted)
rElec    .         Reflect  .   (no cloak)
rCorr    .         Harm     .   (no gloves)
MR       .....                  (no boots)
Stlth    +.........             (no amulet)
HPRegen  0.13/turn              e - ring of see invisible
MPRegen  0.11/turn              (no ring)

@: appendage (expiring)
A: unfitting armour, horns 2, cold-blooded, AC +5
a: End Transformation, Fungal Bloom, Renounce Religion


You were on level 4 of the Dungeon.
You worshipped Fedhas.
Fedhas was noncommittal.
You were not hungry.
You had grown temporary horns.
You visited 1 branch of the dungeon, and saw 4 of its levels.

You collected 184 gold pieces.

Inventory:

Missiles
 a - 114 arrows
Jewellery
 e - a ring of see invisible (left hand)
Scrolls
 m - 2 scrolls of magic mapping
Potions
 g - 2 potions of brilliance {unknown}
 i - 3 potions of agility {unknown}
Books
 b - a book of Changes

   Spells                             Type                      Level
   a - Beastly Appendage              Transmutation                1
   b - Sticks to Snakes               Transmutation                2
   c - Spider Form                    Transmutation/Poison         3
   d - Ice Form                       Ice/Transmutation            4
   e - Blade Hands                    Transmutation                5
 n - a book of Maledictions

   Spells                             Type                      Level
   a - Corona                         Hexes                        1
   b - Ensorcelled Hibernation        Hexes/Ice                    2
   c - Confuse                        Hexes                        3
   d - Tukima's Dance                 Hexes                        3
   e - Dazzling Spray                 Conjuration/Hexes            3
Comestibles
 c - 6 rations


   Skills:
 * Level 2.3 Fighting
 + Level 2.3 Dodging
 - Level 5.4 Unarmed Combat
 - Level 2.0 Spellcasting
 - Level 2.0 Transmutations


You had 7 spell levels left.
You knew the following spells:

 Your Spells              Type           Power        Failure   Level  Hunger
a - Beastly Appendage     Tmut           #.....       11%         1    ##.....


Dungeon Overview and Level Annotations

Branches:
Dungeon (4/15)             Temple (0/1) D:4

Altars:
Cheibriados
Fedhas
Nemelex Xobeh
Vehumet
The Shining One

Annotations:
D:3 pk666's ghost, amateur MiBe


Innate Abilities, Weirdness & Mutations

Your plain brown scales are hard. (AC +5)
You cannot fit into any form of body armour.
You are cold-blooded and may be slowed by cold attacks.
You have a pair of horns on your head.


Message History

Your horns disappear.
The ogre misses you.
You hit the ogre.
You tail-slap the ogre, but do no damage.
The ogre is moderately wounded.
The ogre hits you but does no damage.
Casting: Beastly Appendage
Confirm with . or Enter, or press ? or * to list all spells.
You grow a pair of large bovine horns.
The ogre hits you with a giant club.
You closely miss the ogre.
The ogre is moderately wounded.
You hit the ogre.
The ogre is moderately wounded.
The ogre hits you with a giant club!!
* * * LOW HITPOINT WARNING * * *
You barely miss the ogre. You headbutt the ogre.
The ogre is heavily wounded.
The ogre hits you with a giant club!
You die...
Fedhas appreciates your contribution to the ecosystem.

###...### #.#
#.a##.#.# #.#
#..##...# ##.## #
#..####.###...##.#
#..##..O.........#
#.......###...####
#.....### ##.##
#..#### #O# #..#
#@# #..#########.#
#............#
#.############ #.#
#.# #.# #.# #.#


You could see an ogre.

Vanquished Creatures
  2 worker ants (D:4)
  A howler monkey skeleton (D:3)
  5 gnolls
  An adder zombie (D:2)
  3 dart slugs
  2 leopard geckos
  7 bats
  2 bat skeletons (D:2)
  4 giant cockroaches
  4 goblins
  9 hobgoblins
  A quokka (D:2)
  A ball python skeleton (D:3)
  8 frilled lizards
  A jackal zombie (D:2)
  9 kobolds
  A leopard gecko skeleton (D:2)
  A quokka skeleton (D:2)
  8 rats
70 creatures vanquished.

Vanquished Creatures (others)
  10 toadstools (D:2)
  A withered plant (D:2)
11 creatures vanquished.

Grand Total: 81 creatures vanquished

Notes
Turn   | Place    | Note
-------+----------+-------------------------------------------
     0 | D:1      | Amaterasu the Draconian Transmuter began the quest for the Orb.
     0 | D:1      | Reached XP level 1. HP: 16/16 MP: 3/3
   122 | D:1      | Reached XP level 2. HP: 13/23 MP: 3/5
   178 | D:1      | Reached skill level 4 in Unarmed Combat
   562 | D:1      | Reached XP level 3. HP: 28/28 MP: 6/6
   967 | D:2      | Found a radiant altar of Vehumet.
  1103 | D:2      | Found a glowing golden altar of the Shining One.
  1139 | D:2      | Found a sparkling altar of Nemelex Xobeh.
  1146 | D:2      | Found a blossoming altar of Fedhas.
  1155 | D:2      | Became a worshipper of Fedhas Madash
  1571 | D:2      | Reached XP level 4. HP: 35/35 MP: 5/7
  1684 | D:2      | Reached skill level 5 in Unarmed Combat
  2159 | D:3      | Noticed pk666's ghost (amateur MiBe)
  2323 | D:3      | Found a snail-covered altar of Cheibriados.
  2940 | D:4      | Reached XP level 5. HP: 31/41 MP: 8/8
  2994 | D:4      | Found a staircase to the Ecumenical Temple.
  2997 | D:4      | Noticed an ogre
  3033 | D:4      | Slain by an ogre

Skill      XL: |  1  2  3  4 |
---------------+-------------+-----
Unarmed Combat | 4 5 |  5.4
Dodging        | 2 |  2.3
Fighting       | 2 |  2.3
Spellcasting   | |  2.0
Transmutations | |  2.0

Action                   |  1- 3 |  4- 6 || total
-------------------------+-------+-------++-------
Melee: Unarmed           |   139 |    99 ||   238
       Tailslap          |     6 |    15 ||    21
       Kick              |     3 |     3 ||     6
       Punch             |     2 |     3 ||     5
       Headbutt          |     1 |     4 ||     5
 Cast: Beastly Appendage |     4 |     4 ||     8
Invok: Fungal Bloom      |     1 |     4 ||     5
  Use: Scroll            |     2 |     6 ||     8
       Potion            |       |     1 ||     1
 Stab: Sleeping          |     1 |       ||     1
  Eat: Chunk             |     2 |     3 ||     5
       Ration            |       |     1 ||     1
Armor: Skin              |    43 |    33 ||    76
Dodge: Dodged            |    88 |    56 ||   144
